 Dungeon Crawl Stone Soup version 0.23.2-30-g0e89c35649 (webtiles) character file.

Game seed: 17942735632777791944

55 Solarlg the Insei (level 3, -1/17 HPs)
             Began as a Vine Stalker Transmuter on June 11, 2019.
             Slain by an orc wizard
             ... wielding a +0 dagger
              (2 damage)
             ... on level 3 of the Dungeon.
             The game lasted 00:04:58 (1782 turns).

Solarlg the Insei (Vine Stalker Transmuter)         Turns: 1782, Time: 00:04:58

Health: -1/17      AC:  2    Str: 13    XL:     3   Next: 93%
Magic:  0/7        EV: 12    Int: 13    God:
Gold:   67         SH:  0    Dex: 14    Spells: 5/6 levels left

rFire    . . .     SeeInvis .     - Unarmed
rCold    . . .     Gourm    .   (no shield)
rNeg     . . .     Faith    .   b - +0 robe
rPois    .         Spirit   +   (no helmet)
rElec    .         Reflect  .   (no cloak)
rCorr    .         Harm     .   (no gloves)
MR       .....                  (no boots)
Stlth    +.........             (no amulet)
HPRegen  0.05/turn              (no ring)
MPRegen  0.10/turn              (no ring)

@: slowed, very slow
A: fangs 2, magic shield, antimagic bite, no potion heal 3, rot immunity
a: no special abilities


You were on level 3 of the Dungeon.
You were hungry.

You visited 1 branch of the dungeon, and saw 3 of its levels.

You collected 67 gold pieces.

Inventory:

Missiles
 a - 36 arrows
Armour
 b - a +0 robe (worn)
Jewellery
 n - an uncursed ring of ice {unknown}
Scrolls
 c - 2 scrolls of identify {unknown}
 e - a scroll of blinking {unknown}
 g - a scroll of noise {unknown}
 k - 3 scrolls of remove curse {unknown}
 m - a scroll of fog {unknown}
Potions
 f - a potion of haste {unknown}
 h - a potion of lignification {unknown}
 i - a potion of curing {unknown}
 j - 2 potions of magic {unknown}
 l - 2 potions of agility {unknown}
Comestibles
 d - 2 rations


   Skills:
 - Level 0.8 Fighting
 - Level 1.5 Dodging
 + Level 4.5 Unarmed Combat
 - Level 2.3 Spellcasting
 - Level 2.0 Transmutations


You had 5 spell levels left.
You knew the following spells:

 Your Spells              Type           Power        Failure   Level  Hunger
a - Beastly Appendage     Tmut           #.....       11%         1    #......

Your spell library contained the following spells:

 Spells                   Type           Power        Failure   Level  Hunger
 Sticks to Snakes         Tmut           #.......     16%         2    ###....
 Spider Form              Tmut/Pois      #.........   43%         3    ###....
 Ice Form                 Ice/Tmut       #.......     85%         4    #####..
 Blade Hands              Tmut           #.........   96%         5    ######.


Dungeon Overview and Level Annotations

Branches:
Dungeon (3/15)

Altars:
Dithmenos
Fedhas
Xom


Innate Abilities, Weirdness & Mutations

You have extremely sharp teeth.
When hurt, damage is shared between your health and your magic reserves.
Your bite disrupts and absorbs the magic of your enemies.
Potions cannot restore your health.
You are immune to rotting.


Message History

The orc wizard casts a spell at you.
You feel yourself slow down.
The orc wizard gestures at you while chanting.
The magic dart hits you!
* * * LOW HITPOINT WARNING * * *
Press: ? - help, v - describe, . - travel The floor.
The orc wizard mumbles some strange words.
The orc wizard seems to speed up.
The orc wizard closely misses you.
The orc wizard hits you but does no damage.
You closely miss the orc wizard. Your bite misses the orc wizard.
The orc wizard casts a spell at you.
You feel as though you will be slow longer.
The orc wizard hits you with a +0 dagger.
You miss the orc wizard.
The orc wizard mumbles some strange words.
The orc wizard blinks!
The orc wizard hits you with a +0 dagger.
You die...

..#######
........####
... #..).#
..
####o#####
##.. #)@...#
#..
#####.#####
#.# #.....#
##.# #####.#
<..### #.#
#....### #)#
#..#...# #.#
#.####.###
#.# #.#
#...### #.#


You could see an orc wizard.

Vanquished Creatures
  2 adders
  A worm (D:2)
  A dart slug (D:1)
  A leopard gecko (D:1)
  3 orcs (D:3)
  2 goblins (D:2)
  4 hobgoblins
  A quokka (D:3)
  A ball python (D:2)
  3 bats
  3 frilled lizards
  5 kobolds
  3 rats
30 creatures vanquished.

Notes
Turn   | Place    | Note
-------+----------+-------------------------------------------
     0 | D:1      | Solarlg the Vine Stalker Transmuter began the quest for the
                  | Orb.
     0 | D:1      | Reached XP level 1. HP: 9/9 MP: 4/4
    63 | D:1      | Found a shimmering altar of Xom.
   259 | D:1      | Reached XP level 2. HP: 13/14 MP: 6/6
   702 | D:2      | Found a blossoming altar of Fedhas.
   964 | D:2      | Reached XP level 3. HP: 17/17 MP: 7/7
   979 | D:2      | Reached skill level 4 in Unarmed Combat
  1717 | D:3      | Found a shadowy altar of Dithmenos.
  1782 | D:3      | Slain by an orc wizard

Skill      XL: |  1  2  3 |
---------------+----------+-----
Unarmed Combat | 4 |  4.5
Fighting       | |  0.8
Dodging        | |  1.5
Spellcasting   | |  2.3
Transmutations | |  2.0

Action                   || total
-------------------------++-------
Melee: Unarmed           ||   103
       Bite              ||    19
       Kick              ||     4
       Punch             ||     1
 Cast: Beastly Appendage ||     1
 Stab: Sleeping          ||     3
  Eat: Chunk             ||     2
Armor: Robe              ||    18
Dodge: Dodged            ||    52
